 Dungeon Sprint DCSS version 0.24-a0-574-g7d3d5a4 (webtiles) character file.

Game seed: 8714921478429106160

11456 Faca the Warrior (level 11, -7/84 HPs)
             Began as a Gargoyle Fighter on Aug 20, 2019.
             Was a Follower of Uskayaw.
             Killed by divine providence
             ... invoked by an orc priest
              (15 damage)
             ... in the Dungeon (Sprint IX: "|||||||||||||||||||||||||||||").
             The game lasted 00:04:56 (1856 turns).

Faca the Warrior (Gargoyle Fighter)                 Turns: 1856, Time: 00:04:57

Health: -7/84      AC: 26    Str: 22    XL:     11   Next: 78%
Magic:  18/18      EV: 12    Int: 10    God:    Uskayaw [*.....]
Gold:   1269       SH: 13    Dex:  9    Spells: 10/10 levels left

rFire    . . .     SeeInvis .   p - +2 morningstar (protect)
rCold    . . .     Gourm    .   c - +0 shield
rNeg     + . .     Faith    .   r - +1 chain mail
rPois    ∞         Spirit   .   (no helmet)
rElec    +         Reflect  .   q - +0 cloak
rCorr    .         Harm     .   a - +0 pair of gloves
MR       .....     NoTele   +   g - +0 pair of boots
Stlth    ..........             (no amulet)
HPRegen  0.24/turn              s - +2 ring of evasion
MPRegen  0.16/turn              t - +2 ring of evasion

@: no status effects
A: negative energy resistance 1, electricity resistance, unbreathing,
petrification resistance, rot immunity, AC +8
a: Stomp, Renounce Religion


You were in the Dungeon.
You worshipped Uskayaw.
Uskayaw was aware of your devotion.
You were hungry.

You visited 1 branch You collected 1269 gold pieces.

Inventory:

Hand Weapons
 p - a +2 morningstar of protection (weapon)
Armour
 a - a +0 pair of gloves (worn)
 c - a +0 shield (worn)
 g - a +0 pair of boots (worn)
 q - a +0 cloak (worn)
 r - a +1 chain mail (worn)
Jewellery
 s - a +2 ring of evasion (left hand)
 t - a +2 ring of evasion (right hand)
Wands
 o - a wand of acid (10)
Scrolls
 k - 3 scrolls of blinking
 m - 5 scrolls of remove curse
 n - 2 scrolls of amnesia
 w - 4 scrolls of enchant weapon
 x - a scroll of fear
Potions
 d - a potion of resistance
 e - 5 potions of curing
 h - a potion of haste
 i - 4 potions of magic
 j - 2 potions of berserk rage
 l - a potion of invisibility
 u - a potion of might
 v - a potion of agility
Comestibles
 f - 11 rations


   Skills:
 + Level 16.6 Fighting
 + Level 15.3 Maces & Flails
 + Level 13.0 Armour
 + Level 13.0 Shields
 + Level 9.6 Invocations


You had 10 spell levels left.
You didn't know any spells.
Your spell library contained the following spells:

 Spells                   Type           Power        Failure   Level  Hunger
 Ice Form                 Ice/Tmut       #.......     100%        4    #####..
 Metabolic Englaciation   Hex/Ice        #.........   100%        5    ######.
 Bolt of Cold             Conj/Ice       #.........   100%        6    #######
 Freezing Cloud           Conj/Ice/Air   #.........   100%        6    #######
 Ozocubu's Refrigeration  Ice            #.........   100%        6    #######
 Simulacrum               Ice/Necr       #.........   100%        6    #######


Dungeon Overview and Level Annotations

Branches:
Dungeon (1/1)

Altars:
Cheibriados
Dithmenos
Elyvilon
Fedhas
Gozag
Hepliaklqana
Kikubaaqudgha
Makhleb
Nemelex Xobeh
Okawaru
Qazlal
Ru
Sif Muna
Trog
Uskayaw
Vehumet
Wu Jian
Xom
Yredelemnul
Zin
The Shining One
Beogh
Jiyva
Lugonu

Shops:
D }


Innate Abilities, Weirdness & Mutations

You are resistant to torment.
Your stone body is resilient. (AC +8)
You are immune to poison.
You resist negative energy. (rN+)
You are resistant to electric shocks. (rElec)
You can survive without breathing.
You are immune to petrification.
You are immune to rotting.


Message History

Things that are here:
a +0 club; a +0 leather armour
Items here: ( )) [[ a +2 battleaxe of freezing; a +0 plate armour; a +0 long sword; 7 boomerangs a +0 plate armour
Items here: )) [[ ÷ a +0 battleaxe; a +0 plate armour; a +0 war axe; a +0 chain mail an orc skeleton The orc priest calls down the wrath of Beogh upon you.
Beogh smites you!
* * * LOW HITPOINT WARNING * * *
You can no longer pass through a line of other dancers.
Items here: )) [[ ÷ a +0 great mace; a +0 plate armour; a +0 halberd; a +0 leather armour an orc skeleton
Things that are here:
a +0 glaive; 7 silver boomerangs; a +0 plate armour The orc priest invokes the aid of Beogh against you.
Beogh smites you!
You die...

▓_▓.▓.▓.▓.▓
▓_▓.▓.▓.▓o▓
▓_▓.▓.▓.▓o▓
▓_▓.▓÷▓.▓o▓
▓_▓.▓.▓.▓)▓
▓_▓.▓†▓.▓)▓
▓_▓.▓.▓.▓)▓
▓_▓.▓.▓.▓)▓
▓_▓.▓.▓.▓@▓
▓_▓.▓.▓.▓)▓
▓_▓.▓.▓.▓.▓
▓_▓.▓.▓.▓.▓
▓_▓.▓.▓.▓.▓
▓_▓.▓.▓.▓.▓
▓_▓.▓†▓.▓.▓
▓_▓.▓÷▓.▓)▓
▓_▓.▓.▓.▓.▓


You could see an orc high priest and 2 orc priests.

Vanquished Creatures
  4 catoblepae (D)
  3 death yaks (D)
  2 orc high priests (D)
  2 orc knights (D)
  A manticore (D)
  2 spiny frogs (D)
  A rime drake (D)
  A kobold demonologist (D)
  A hippogriff (D)
  5 yaks (D)
  A wraith (D)
  2 basilisks (D)
  A hungry ghost (D)
  3 water moccasins (D)
  2 porcupines (D)
  8 orc warriors (D)
  2 ice beasts (D)
  An ogre (D)
  A crocodile (D)
  2 bullfrogs (D)
  A killer bee (D)
  2 howler monkeys (D)
  2 crimson imps (D)
  2 orc priests (D)
  3 orc wizards (D)
  A worker ant (D)
  A shadow imp (D)
  A leopard gecko (D)
  9 orcs (D)
  A bat (D)
  A hobgoblin (D)
  2 quokkas (D)
  A frilled lizard (D)
  2 rats (D)
74 creatures vanquished.

Notes
Turn   | Place    | Note
-------+----------+-------------------------------------------
     0 | D        | Faca the Gargoyle Fighter began the quest for the Orb.
     0 | D        | Reached XP level 1. HP: 14/14 MP: 1/1
     7 | D        | Reached skill level 4 in Fighting
    19 | D        | Noticed an ogre
    19 | D        | Noticed an ice beast
    19 | D        | Noticed a howler monkey
    25 | D        | Killed a howler monkey
    25 | D        | Reached skill level 6 in Fighting
    25 | D        | Reached skill level 5 in Maces & Flails
    25 | D        | Reached XP level 2. HP: 18/22 MP: 2/2
    25 | D        | Reached XP level 3. HP: 22/27 MP: 3/3
    42 | D        | Killed an ice beast
    42 | D        | Reached skill level 8 in Fighting
    42 | D        | Reached XP level 4. HP: 29/36 MP: 4/4
    42 | D        | Reached XP level 5. HP: 32/40 MP: 5/5
    45 | D        | Killed an ogre
    45 | D        | Reached skill level 9 in Fighting
    45 | D        | Reached XP level 6. HP: 39/48 MP: 6/6
    78 | D        | Found a roughly hewn altar of Beogh.
    78 | D        | Found a snail-covered altar of Cheibriados.
    78 | D        | Found a shadowy altar of Dithmenos.
    78 | D        | Found a white marble altar of Elyvilon.
    78 | D        | Found a blossoming altar of Fedhas.
    78 | D        | Found an opulent altar of Gozag.
    79 | D        | Found a hazy altar of Hepliaklqana.
    80 | D        | Found a viscous altar of Jiyva.
    81 | D        | Found an ancient bone altar of Kikubaaqudgha.
    82 | D        | Found a corrupted altar of Lugonu.
    83 | D        | Found a burning altar of Makhleb.
    84 | D        | Found a sparkling altar of Nemelex Xobeh.
    85 | D        | Found an iron altar of Okawaru.
    86 | D        | Found a stormy altar of Qazlal.
    87 | D        | Found a sacrificial altar of Ru.
    88 | D        | Found a shimmering blue altar of Sif Muna.
    89 | D        | Found a bloodstained altar of Trog.
    90 | D        | Found a hide-covered altar of Uskayaw.
    91 | D        | Found a radiant altar of Vehumet.
    92 | D        | Found an ornate altar of the Wu Jian Council.
    93 | D        | Found a shimmering altar of Xom.
    94 | D        | Found a basalt altar of Yredelemnul.
    95 | D        | Found a glowing silver altar of Zin.
    96 | D        | Found a glowing golden altar of the Shining One.
    98 | D        | Became a worshipper of Uskayaw the Reveler
   151 | D        | Noticed a wraith
   151 | D        | Noticed an ice beast
   154 | D        | Reached * piety under Uskayaw
   157 | D        | Reached ** piety under Uskayaw
   160 | D        | Killed an ice beast
   160 | D        | Reached skill level 10 in Fighting
   161 | D        | Reached *** piety under Uskayaw
   170 | D        | Reached skill level 11 in Fighting
   170 | D        | Reached skill level 10 in Maces & Flails
   170 | D        | Reached **** piety under Uskayaw
   174 | D        | Reached ***** piety under Uskayaw
   176 | D        | Killed a wraith
   176 | D        | Reached skill level 12 in Fighting
   176 | D        | Reached XP level 7. HP: 53/56 MP: 7/7
   200 | D        | Noticed a hungry ghost
   200 | D        | Noticed a manticore
   200 | D        | Noticed a kobold demonologist
   202 | D        | Noticed an ice devil
   203 | D        | Killed a kobold demonologist
   203 | D        | Reached skill level 5 in Armour
   203 | D        | Reached skill level 5 in Shields
   211 | D        | Killed a manticore
   211 | D        | Reached skill level 13 in Fighting
   211 | D        | Reached XP level 8. HP: 43/63 MP: 8/8
   476 | D        | Noticed a spiny frog
   476 | D        | Noticed a yak
   476 | D        | Noticed a yak
   479 | D        | Noticed a spiny frog
   482 | D        | Killed a yak
   485 | D        | Reached XP level 9. HP: 59/68 MP: 9/9
   508 | D        | Killed a spiny frog
   508 | D        | Reached skill level 14 in Fighting
   515 | D        | Reached ****** piety under Uskayaw
   518 | D        | Killed a spiny frog
   704 | D        | Noticed a rime drake
   704 | D        | Noticed a catoblepas
   719 | D        | Reached skill level 1 in Invocations
   723 | D        | Killed a catoblepas
   723 | D        | Reached skill level 10 in Armour
   723 | D        | Reached skill level 10 in Shields
   723 | D        | Reached XP level 10. HP: 54/76 MP: 9/12
   751 | D        | Reached skill level 15 in Fighting
   885 | D        | Noticed a catoblepas
   885 | D        | Noticed a death yak
   885 | D        | Noticed a death yak
   885 | D        | Noticed a death yak
   885 | D        | Noticed a catoblepas
   891 | D        | Noticed a catoblepas
   900 | D        | Killed a catoblepas
   900 | D        | Reached skill level 5 in Invocations
   916 | D        | Killed a death yak
   926 | D        | Killed a death yak
   926 | D        | Reached XP level 11. HP: 34/82 MP: 14/16
   937 | D        | Killed a death yak
   944 | D        | Killed a catoblepas
   957 | D        | Killed a catoblepas
   957 | D        | Reached skill level 16 in Fighting
  1441 | D        | Noticed an orc high priest
  1454 | D        | Noticed an orc knight
  1468 | D        | Noticed an orc knight
  1481 | D        | Killed an orc high priest
  1481 | D        | Reached skill level 15 in Maces & Flails
  1485 | D        | Killed an orc knight
  1495 | D        | Killed an orc knight
  1831 | D        | Found Hiehow's Gadget Boutique.
  1831 | D        | Noticed an orc high priest
  1831 | D        | Noticed an orc high priest
  1831 | D        | Noticed an orc high priest
  1834 | D        | Noticed a soul eater
  1844 | D        | Killed an orc high priest
  1856 | D        | Killed from afar by an orc priest

Levels and vault maps discovered:
D:        linesprint [early_d, line_temple, items_1, d_10, items_2, lair_1,
          lair_end, items_3, orc_1, orc_end, items_4, d_15, swamp_1, shoals_1,
          snake_1, spider_1, d_20, vaults_1, items_5, swamp_end, shoals_end,
          snake_end, spider_end, vaults_end, d_27, items_6, zot_1, zot_end,
          crypt_end, forest_end, elf_end, slime_end, tomb_end, abyss_end,
          pan_hell_end]

Skill      XL: |  1  2  3  4  5  6  7  8  9 10 11 |
---------------+----------------------------------+-----
Fighting       | 6 8 9 12 13 14 15 16 | 16.6
Maces & Flails | 5 7 8 10 11 12 13 14 15 | 15.3
Armour         | 6 7 10 11 13 | 13.0
Shields        | 6 7 10 11 13 | 13.0
Invocations    | 3 6 9 |  9.6

Action                   |  1- 3 |  4- 6 |  7- 9 | 10-12 || total
-------------------------+-------+-------+-------+-------++-------
Melee: Flail             |    31 |     3 |       |       ||    34
       Morningstar       |       |    23 |    99 |   216 ||   338
  Use: Potion            |     1 |       |     1 |     3 ||     5
 Stab: Paralysed         |       |     1 |     3 |    12 ||    16
       Petrified         |       |       |     4 |     6 ||    10
  Eat: Chunk             |       |       |     4 |     3 ||     7
Armor: Scale mail        |    12 |     1 |       |       ||    13
       Chain mail        |       |     7 |    36 |    45 ||    88
Dodge: Dodged            |     9 |     7 |    23 |    32 ||    71
Block: Shield            |    15 |    12 |    29 |    79 ||   135

Table legend:
 A = Non-vault XP
 B = Vault XP
 C = Vault XP percentage of total XP
 D = Non-vault monster count
 E = Vault monster count
 F = Vault count percentage of total count
                 A         B        C        D         E       F
            +---------+---------+-------+---------+---------+-------
      Total |       0 |   16367 | 100.0 |       0 |      74 | 100.0
            +---------+---------+-------+---------+---------+-------
          D |       0 |   16367 | 100.0 |       0 |      74 | 100.0
            +---------+---------+-------+---------+---------+-------
